 Dungeon Crawl Stone Soup version 0.21.1-1-g345015fe64 (webtiles) character file.

3414 Oravi the Martial Artist (level 10, -7/102 HPs)
             Began as a Merfolk Transmuter on Apr 15, 2018.
             Was a Follower of Qazlal.
             Mangled by a two-headed ogre
             ... wielding a +0 giant club
              (26 damage)
             ... on level 8 of the Dungeon.
             The game lasted 00:21:08 (7266 turns).

Oravi the Martial Artist (Merfolk Transmuter)       Turns: 7266, Time: 00:21:08

Health: -7/102     AC:  2    Str: 15    XL:     10   Next: 5%
Magic:  13/13      EV: 26    Int: 17    God:    Qazlal [*.....]
Gold:   461        SH:  2    Dex: 19    Spells: 7/13 levels left

rFire    . . .     SeeInvis .     - Unarmed
rCold    + . .     Gourm    .   (shield currently unavailable)
rNeg     . . .     Faith    .   (armour currently unavailable)
rPois    x         Spirit   .   (helmet currently unavailable)
rElec    .         Reflect  .   (cloak currently unavailable)
rCorr    .         Harm     .   (gloves currently unavailable)
MR       +....                  (boots currently unavailable)
Stlth    ..........             o - amulet of magic regeneration
HPRegen  0.27/turn              h - ring of protection from cold
MPRegen  0.38/turn              r - ring of protection from magic

@: berserking (expiring), spider-form, very slightly contaminated, very quick
A: tiny, (change form in water), (swift swim), (stealthy swim), blink, wild
magic 1, evolution 1
a: End Transformation, Blink, Renounce Religion


You were on level 8 of the Dungeon.
You worshipped Qazlal.
Qazlal was aware of your devotion.
You were not hungry.
You were a venomous arachnid creature.
You visited 2 branches of the dungeon, and saw 9 of its levels.

You collected 461 gold pieces.

Inventory:

Missiles
 a - 89 arrows
Armour
 b - a +1 robe (melded)
 f - a +1 robe of the Archmagi
 w - a +1 ring mail of magic resistance
Jewellery
 g - an uncursed ring of stealth
 h - a ring of protection from cold (left front leg)
 m - an uncursed ring of positive energy
 o - an amulet of magic regeneration (around neck)
 r - a ring of protection from magic (right front leg)
Wands
 p - a wand of clouds (8)
Scrolls
 i - 3 scrolls of teleportation
 k - 3 scrolls of enchant armour
 l - a scroll of fog
 q - 3 scrolls of amnesia
 u - 2 scrolls of magic mapping
 x - 2 scrolls of remove curse
Potions
 e - 3 potions of might
 j - 2 potions of curing
 n - a potion of berserk rage
 s - a potion of flight {unknown}
Books
 c - a book of Changes

   Spells                             Type                      Level
   a - Beastly Appendage              Transmutation                1
   b - Sticks to Snakes               Transmutation                2
   c - Spider Form                    Transmutation/Poison         3
   d - Ice Form                       Ice/Transmutation            4
   e - Blade Hands                    Transmutation                5
 t - a book of Frost

   Spells                             Type                      Level
   a - Freeze                         Ice                          1
   b - Throw Frost                    Conjuration/Ice              2
   c - Ozocubu's Armour               Charms/Ice                   3
   d - Throw Icicle                   Conjuration/Ice              4
   e - Summon Ice Beast               Ice/Summoning                4
 v - a book of Geomancy

   Spells                             Type                      Level
   a - Sandblast                      Earth                        1
   b - Passwall                       Transmutation/Earth          2
   c - Stone Arrow                    Conjuration/Earth            3
   d - Petrify                        Transmutation/Earth          4
   e - Lee's Rapid Deconstruction     Earth                        5
Comestibles
 d - 14 rations


   Skills:
 + Level 2.3 Fighting
 + Level 6.7 Dodging
 + Level 10.3 Unarmed Combat
 - Level 2.0 Spellcasting
 * Level 9.3 Transmutations
 * Level 6.8 Poison Magic


You had 7 spell levels left.
You knew the following spells:

 Your Spells              Type           Power        Failure   Level  Hunger
a - Beastly Appendage     Tmut           #####.       5%          1    #......
b - Sticks to Snakes      Tmut           #####...     7%          2    ###....
c - Spider Form           Tmut/Pois      #####.....   12%         3    ###....


Dungeon Overview and Level Annotations

Branches:
Dungeon (8/15)             Temple (1/1) D:6
   Lair: D:8-11

Altars:
Ashenzari
Cheibriados
Dithmenos
Elyvilon
Fedhas
Gozag
Hepliaklqana
Kikubaaqudgha
Makhleb
Nemelex Xobeh
Qazlal
Ru
Trog
Uskayaw
Wu Jian
Xom
Yredelemnul
Zin
The Shining One
Lugonu

Shops:
D:5 !   D:7 (


Innate Abilities, Weirdness & Mutations

((You revert to your normal form in water.))
((You are very nimble and swift while swimming.))
((You are very stealthy in the water. (Stealth+)))
You can translocate small distances at will.
Your spells are a little harder to cast, but a little more powerful.
You evolve.


Message History

The vampire mosquito is almost destroyed.
The vampire mosquito bites you.
* * * LOW HITPOINT WARNING * * *
The vampire mosquito draws strength from your injuries!
You miss the vampire mosquito.
The vampire mosquito is severely damaged.
The vampire mosquito completely misses you.
You bite the vampire mosquito!
You destroy the vampire mosquito!
Qazlal accepts your kill.
The two-headed ogre hits you with a giant club.
* * * LOW HITPOINT WARNING * * *
The two-headed ogre completely misses you.
You see here a vampire mosquito corpse.
You barely miss the two-headed ogre. You bite the two-headed ogre!
The two-headed ogre looks as sick as possible!
The two-headed ogre is moderately wounded.
The two-headed ogre hits you with a giant club!!
You die...

.........#.# #.........
.........#.# #.........
.........#.# #.........
.........#.####.........
######...............#
......................#
#####>............#..#
#.#.†#+..###..#..#
#.Os†)...###..#..###
#.§####[......#..#..
#..#((#†..#.#.#..#..
#..#..#._...#.#..#..
....#..#.....#....#..
.....####.....#....#..
............#.##....#..
....................#..
.....................#..


You could see a two-headed ogre and 2 dancing weapons.

Vanquished Creatures
  Prince Ribbit (D:8)
  A spriggan (D:8)
  3 vampire mosquitoes (D:8)
  Edmund (D:5)
  An orc warrior (D:7)
  An ice beast (D:7)
  2 sky beasts (D:6)
  A necrophage (D:8)
  2 ogres
  A phantom (D:3)
  A centaur (D:7)
  2 bullfrogs (D:7)
  A wyvern skeleton (D:6)
  A water moccasin skeleton (D:5)
  6 killer bees (D:7)
  4 wights (D:8)
  4 howler monkeys
  A bullfrog zombie (D:5)
  6 hounds
  A centaur zombie (D:7)
  2 orc priests
  A bullfrog skeleton (D:4)
  A centaur skeleton (D:4)
  A gnoll shaman (D:3)
  2 iguanas (D:4)
  6 orc wizards
  3 worker ants
  4 worker ant zombies
  11 gnolls
  7 adders
  An adder zombie (D:7)
  4 worms
  4 dart slugs
  6 leopard geckos
  17 orcs
  3 giant cockroaches
  2 gnoll zombies (D:6)
  4 hobgoblins
  3 jackals (D:3)
  2 kobolds
  A ball python (D:5)
  3 bats
  2 frilled lizards
  7 goblins
  2 jackal skeletons
  A jackal zombie (D:6)
  A leopard gecko skeleton (D:6)
  5 rats (D:1)
147 creatures vanquished.

Notes
Turn   | Place    | Note
-------+----------+-------------------------------------------
     0 | D:1      | Oravi the Merfolk Transmuter began the quest for the Orb.
     0 | D:1      | Reached XP level 1. HP: 15/15 MP: 3/3
    81 | D:1      | Reached XP level 2. HP: 9/21 MP: 3/5
   487 | D:1      | Reached XP level 3. HP: 26/26 MP: 4/6
   491 | D:1      | Learned a level 2 spell: Sticks to Snakes
   495 | D:1      | Learned a level 3 spell: Spider Form
   525 | D:1      | Reached skill level 4 in Unarmed Combat
   844 | D:2      | Found a white marble altar of Elyvilon.
  1262 | D:3      | Found a glowing golden altar of the Shining One.
  1327 | D:3      | Reached skill level 1 in Poison Magic
  1327 | D:3      | Reached XP level 4. HP: 30/32 MP: 0/7
  2110 | D:4      | Noticed an ogre
  2179 | D:4      | Killed an ogre
  2179 | D:4      | Reached XP level 5. HP: 5/37 MP: 5/8
  2511 | D:4      | Reached skill level 5 in Transmutations
  2511 | D:4      | Reached XP level 6. HP: 43/43 MP: 6/9
  2530 | D:4      | Noticed a phantom
  2565 | D:3      | Reached skill level 5 in Unarmed Combat
  2824 | D:3      | Killed a phantom
  2987 | D:4      | Reached XP level 7. HP: 48/48 MP: 10/10
  3330 | D:4      | Found a sparkling altar of Nemelex Xobeh.
  3383 | D:5      | Entered Level 5 of the Dungeon
  3474 | D:5      | Found Bixiyt's Distillery.
  3495 | D:5      | Reached skill level 6 in Unarmed Combat
  3839 | D:5      | Noticed Edmund
  3854 | D:5      | Killed Edmund
  3854 | D:5      | Reached skill level 5 in Dodging
  3854 | D:5      | Reached XP level 8. HP: 38/55 MP: 11/11
  3876 | D:5      | Found a shimmering altar of Xom.
  4305 | D:6      | Reached skill level 7 in Unarmed Combat
  4314 | D:6      | Found a staircase to the Ecumenical Temple.
  4323 | Temple   | Entered the Ecumenical Temple
  4355 | Temple   | Became a worshipper of Qazlal Stormbringer
  5226 | D:6      | Found a basalt altar of Yredelemnul.
  5469 | D:7      | Reached skill level 5 in Poison Magic
  5701 | D:7      | Reached skill level 8 in Unarmed Combat
  5706 | D:7      | Reached XP level 9. HP: 43/61 MP: 12/12
  5737 | D:7      | Reached * piety under Qazlal
  6131 | D:7      | Found an opulent altar of Gozag.
  6132 | D:7      | Found a bloodstained altar of Trog.
  6248 | D:7      | Found Zeweusak's Weapon Shop.
  6274 | D:7      | Reached skill level 9 in Unarmed Combat
  6626 | D:7      | Gained mutation: You can translocate small distances at will. [potion of mutation]
  6626 | D:7      | Gained mutation: Your spells are a little harder to cast, but a little more powerful. [potion of mutation]
  6626 | D:7      | Gained mutation: You evolve. [potion of mutation]
  6665 | D:8      | Found a hide-covered altar of Uskayaw.
  6665 | D:8      | Noticed a dagger
  6666 | D:8      | Noticed a hand axe
  6786 | D:8      | Found a shimmering altar of Xom.
  7237 | D:8      | Noticed Prince Ribbit
  7243 | D:8      | Noticed a two-headed ogre
  7257 | D:8      | Reached skill level 10 in Unarmed Combat
  7259 | D:8      | Killed Prince Ribbit
  7259 | D:8      | Reached XP level 10. HP: 28/68 MP: 13/13
  7266 | D:8      | Mangled by a two-headed ogre

Skill      XL: |  1  2  3  4  5  6  7  8  9 |
---------------+----------------------------+-----
Transmutations | 3 4 5 6 8 9 |  9.3
Dodging        | 3 4 5 6 |  6.7
Unarmed Combat | 4 5 6 8 10 | 10.3
Poison Magic   | 1 2 3 4 5 6 |  6.8
Fighting       | 2 |  2.3
Spellcasting   | |  2.0

Action                   |  1- 3 |  4- 6 |  7- 9 | 10-12 || total
-------------------------+-------+-------+-------+-------++-------
Melee: Unarmed           |    81 |   104 |   340 |     6 ||   531
       Headbutt          |     6 |       |       |       ||     6
       Punch             |     1 |       |     2 |       ||     3
 Cast: Beastly Appendage |    13 |       |       |       ||    13
       Spider Form       |     6 |    16 |    37 |       ||    59
       Sticks to Snakes  |       |     3 |       |       ||     3
 Abil: End Transformatio |       |     2 |     1 |       ||     3
  Use: Potion            |     1 |       |     4 |       ||     5
       Scroll            |     8 |     4 |     6 |       ||    18
 Stab: Sleeping          |     2 |     2 |     6 |       ||    10
  Eat: Chunk             |     2 |     5 |    13 |       ||    20
       Ration            |       |     1 |     2 |       ||     3
Armor: Robe              |    10 |     5 |     6 |       ||    21
       Skin              |     2 |     5 |    32 |       ||    39
Dodge: Dodged            |    78 |   133 |   245 |     5 ||   461
Block: Other             |       |       |     3 |       ||     3
